 Dungeon Crawl Stone Soup version 0.15-a0-773-g3a4c672 (webtiles) character file.

77 4tharraofdagon the Scratcher (level 4, -1/19 HPs)
             Began as a Felid Transmuter on May 13, 2014.
             Slain by an iguana (3 damage)
             ... on Level 4 of the Dungeon.
             The game lasted 00:07:05 (1018 turns).

4tharraofdagon the Scratcher (Felid Transmuter)     Turns: 1018, Time: 00:07:05

HP  -1/19        AC  6     Str 11      XL: 4   Next: 13%
MP   9/9         EV 18     Int 14      God:
Gold 34          SH  0     Dex 12      Spells:  1 memorised,  7 levels left
Lives: 0, deaths: 1

rFire  . . .     SeeInvis +       - Unarmed
rCold  . . .     Clarity  .     (armour unavailable)
rNeg   . . .     Conserve .     (shield unavailable)
rPois  .         rCorr    .     (helmet unavailable)
rElec  .         rRot     .     (cloak unavailable)
SustAb . .       Spirit   .     (gloves unavailable)
rMut   .         Warding  .     (boots unavailable)
Gourm  .         Rnd*Tele +     (no amulet)
MR     .....                    (no ring)
                                e - ring of teleport control

@: exhausted, mighty, very slightly contaminated, hasted, very quick, not
resistant to hostile enchantments, unstealthy
A: paw claws, no armour, no weapons or thrown items, fangs 3, rough black scales
1, rugged brown scales 1, see invisible, carnivore 3, clumsy 2, deterioration 1,
speed 1, low mp 1, shaggy fur 1, slow metabolism 1, teleportitis 1, jump 1
a: Jump Attack, Evoke Teleport Control


You were on level 4 of the Dungeon.
You were full.

You visited 1 branch of the dungeon, and saw 6 of its levels.
You also visited: Sewer.

You collected 34 gold pieces.

Inventory:

Missiles
 b - 12 arrows
Comestibles
 a - a meat ration
 l - a cheese
Scrolls
 c - a scroll of blinking {unknown}
 f - a scroll of random uselessness {unknown}
 g - 2 scrolls of magic mapping {unknown}
 j - 3 scrolls of amnesia {unknown}
 k - a scroll of enchant armour {unknown}
 m - a scroll of identify {unknown}
 n - 2 scrolls of enchant weapon I {unknown}
 o - a scroll of teleportation {unknown}
Jewellery
 e - a ring of teleport control (left paw)
Potions
 h - a potion of heal wounds
 i - a potion of might
Books
 d - a book of Changes

   Spells                             Type                      Level
   *Beastly Appendage                 Transmutation                1
   Sticks to Snakes                   Transmutation                2
   Spider Form                        Transmutation/Poison         3
   Ice Form                           Ice/Transmutation            4
   Blade Hands                        Transmutation                5


   Skills:
 + Level 1.6 Fighting
 + Level 3.6 Dodging
 + Level 2.0 Stealth
 * Level 4.0 Unarmed Combat
 + Level 2.7 Spellcasting
 + Level 2.6 Transmutations


You had 7 spell levels left.
You knew the following spells:

 Your Spells              Type           Power        Failure   Level  Hunger
a - Beastly Appendage     Trmt           #.....       10%         1    #......


Dungeon Overview and Level Annotations

Branches:
Dungeon (6/15)
 Temple: D:4-7

Altars:


Innate Abilities, Weirdness & Mutations

You cannot wear armour.
You are incapable of wielding weapons or throwing items.
Your paws have sharp claws.
You have razor-sharp teeth.
You have supernaturally acute eyesight.
You are carnivorous and can eat meat at any time.
You cover ground quickly.
You are covered in fur (AC +1).
You have a slow metabolism.
You can jump attack at a short distance.
You are partially covered in rough black scales (AC +4, Dex -1).
You are partially covered in rugged brown scales (AC +1, +3% HP).
You are very clumsy. (Dex -4)
Your body is slowly deteriorating.
Your magical capacity is low (-10% MP).
Space occasionally distorts in your vicinity.


Message History

You feel extremely strange.
You feel an ache in your throat.
You feel weirdly uncertain.
Drink which item? (? for menu, Esc to quit)
You feel extremely strange.
Rugged brown scales grow over part of your body.
You feel less exhausted.
An iguana comes into view.
You see here 2 scrolls labeled BROGOC MEDOXKA.
You see here 2 scrolls labeled BROGOC MEDOXKA.
g - 2 scrolls labeled BROGOC MEDOXKA Use which ability? (? or * to list)
Aiming: Jump Attack
Press: ? - help, Dir - move target cursor, f - iguana
Aim: an iguana (resting)
You jump-attack the iguana!
You scratch the iguana.
The iguana begins to bleed from its wounds!
The iguana hisses angrily.
The iguana is moderately wounded.
You feel somewhat less full. The iguana bites you.
You die...

### #### ##### #..
###...#######...# #..
...........##....# ..
............#....#######
#.....................##
###.............#........
#.......@................
......##l................
... #..............#.. .
#.................
...................
...............#....
...................
...................
#..................


You could see an iguana (bleeding).

Vanquished Creatures
  2 green rats (Sewer)
  A giant mite (D:3)
  6 adders
  2 oozes (Sewer)
  5 orcs
  3 bats
  4 giant cockroaches (D:3)
  3 goblins
  2 hobgoblins
  2 jackals (D:4)
  2 kobolds
  A quokka (D:2)
  A giant newt (D:4)
  16 rats
50 creatures vanquished.

Notes
Turn   | Place    | Note
--------------------------------------------------------------
     0 | D:1      | 4tharraofdagon, the Felid Transmuter, began the quest for the Orb.
     0 | D:1      | Reached XP level 1. HP: 9/9 MP: 4/4
    25 | D:2      | Reached XP level 2. HP: 12/12 MP: 5/5
   292 | D:3      | Reached XP level 3. HP: 13/15 MP: 8/8
   309 | D:3      | Found a glowing drain.
   313 | Sewer    | Entered a sewer
   370 | Sewer    | Gained mutation: You are clumsy. (Dex -2) [potion of mutation]
   370 | Sewer    | Gained mutation: Your body is slowly deteriorating. [potion of mutation]
   372 | Sewer    | Reached skill level 1 in Stealth
   391 | Sewer    | Gained mutation: Your magical capacity is low (-10% MP). [potion of mutation]
   391 | Sewer    | Gained mutation: You are very clumsy. (Dex -4) [potion of mutation]
   450 | Sewer    | Reached XP level 4. HP: 10/19 MP: 9/9
   589 | Sewer    | Slain by an adder
   590 | Sewer    | Reached XP level 3. HP: -3/15 MP: 7/7
   749 | D:3      | You fall through a shaft!
   775 | D:5      | Entered Level 5 of the Dungeon
   784 | D:5      | Gained mutation: You are partially covered in rough black scales (AC +4, Dex -1). [potion of mutation]
   784 | D:5      | Gained mutation: You can spit poison. [potion of mutation]
   833 | D:4      | Reached skill level 4 in Unarmed Combat
   941 | D:4      | Reached XP level 4. HP: 19/19 MP: 9/9
   991 | D:4      | Lost mutation: You can spit poison. [potion of mutation]
   991 | D:4      | Gained mutation: Space occasionally distorts in your vicinity. [potion of mutation]
   992 | D:4      | Gained mutation: You are partially covered in rugged brown scales (AC +1, +3% HP). [potion of mutation]
  1018 | D:4      | Slain by an iguana

Action                   |  1- 3 |  4- 6 || total
-------------------------+-------+-------++-------
Melee: Unarmed           |   111 |    62 ||   173
 Abil: Jump Attack       |     2 |     4 ||     6
       Spit Poison       |     2 |       ||     2
  Use: Potion            |     5 |     4 ||     9
 Stab: Sleeping          |     4 |     1 ||     5

Vault maps used:
D:1:      dpeg_arrival_sounds_slurp
D:2:      grunt_gozag_breadcrumbs
D:3:      gup_sewer_entry_bowl, first_bread, grunt_ministairs_3,
          serial_park_tiny_2, minmay_tree_intersection
D:4:      enter_ossuary_1, uniq_eustachio
D:5:      minmay_temple_entry_purple_smoke, minmay_misc_feat_five, uniq_natasha
D:6:      tgw_trog, serial_shops, shop, uniq_iyjb, uniq_sigmund
Sewer:    sewer_minmay_w
